[Event "*** Titled Tuesday Blitz"]
[Site "Chess.com"]
[Date "2018.01.02"]
[Round "5"]
[White "BillCoe"]
[Black "chesstatour"]
[Result "0-1"]
[WhiteElo "1926"]
[BlackElo "2042"]
[TimeControl "180+2"]
[EndTime "14:09:07 PST"]
[Termination "chesstatour won by resignation"]

1. e4 c6 2. d4 d5 3. Nc3 dxe4 4. Nxe4 Nf6 5. Nxf6+ gxf6 6. Be3 Bf5 7. Bd3 Bxd3 8. Qxd3 Qa5+ 9. Bd2 Qa6 10. Qg3 Nd7 11. Ne2 O-O-O 12. Nc3 e6 13. O-O-O Nb6 14. Qf4 Be7 15.
Kb1 Nc4 16. Bc1 Rhg8 17. g3 f5 18. Rhe1 Bg5 19. Qf3 Bxc1 20. Kxc1 Rg4 21. Qd3 c5 22. d5 Rd4 23. Qf3 Rxd1+ 24. Rxd1 Qb6 25. b3 Ne5 26. Qe2 Ng6 27. dxe6 Rxd1+ 28. Kxd1 fxe6 29. f4 a6 30. a4 Qd6+ 31. Qd2 Qxd2+ 32. Kxd2 h5 33. Kd3 Kc7 34. Kc4 Kc6 35. Ne2 h4 36. c3 b5+ 37. axb5+ axb5+ 38. Kd3 e5 39. gxh4 e4+ 40.
Ke3 Nxh4 41. Ng3 Kd5 42. Ne2 Ke6 43. b4 cxb4 44. cxb4 Kd5 45. h3 Kc4 46. Kf2 Kxb4 47. Kg3 Ng6 48. Nd4 Ne7 49. h4 Kc4 50. Nc2 b4 51. h5 Ng8 52. Kh4 b3 53. Ne3+ Kd3 54.
Nd1 e3 55. Nb2+ Kc2 56. Kg5 Kxb2 57. Kg6 e2 58. Kg7 e1=Q 59. Kxg8 Qh4 60. Kf7 Qxh5+ 61.
Ke6 Qg4 62. Ke5 Kc3 0-1

[Event "*** Titled Tuesday Blitz"]
[Site "Chess.com"]
[Date "2018.01.02"]
[Round "5"]
[White "Kacparov"]
[Black "ftorodent"]
[Result "1-0"]
[WhiteElo "2664"]
[BlackElo "2476"]
[TimeControl "180+2"]
[EndTime "14:09:10 PST"]
[Termination "Kacparov won by resignation"]

1. e4 e6 2. d4 d5 3. Nd2 c5 4. exd5 exd5 5. Ngf3 Nc6 6. Bb5 Bd6 7.
dxc5 Bxc5 8. Nb3 Bd6 9. O-O Ne7 10. h3 O-O 11. Nbd4 a6 12. Bd3 h6 13. c3 Qc7 14. Re1 Bd7 15. Be3 Rfe8 16. Rc1 Rad8 17. Bb1 Ng6 18. Bxg6 fxg6 19. Qb3 Kh7 20. Nxc6 bxc6 21.
Bb6 Qc8 22. Bxd8 Rxd8 23. Ne5 Bf5 24. Qd1 Qc7 25. Nf3 Rf8 26. Nd4 Bd7 27. Ne6 Bxe6 28.
Rxe6 Bh2+ 29. Kh1 Rxf2 30. Qd3 Qf7 31. Re2 Bg3 32. Rxf2 Bxf2 33. Rf1 Qa7 34. Qe2 Bg3 35.
Qg4 Bb8 36. Qe6 Qc7 37. Kg1 Qb6+ 38. Kh1 Qc7 39. Kg1 Qb6+ 40. Kh1 Qc7 41. Kg1 Qh2+ 42.
Kf2 Qg3+ 43. Ke2 Qxg2+ 44. Rf2 Qg3 45. Rf8 h5 46. Qg8+ Kh6 47. Rxb8 Qg2+ 48. Ke3 Qe4+ 49.
Kd2 Qf4+ 50. Kc2 Qa4+ 51. Kd3 Qe4+ 52. Kd2 Qf4+ 53. Kd1 Qf3+ 54. Kc2 Qe2+ 55. Kb3 Qc4+ 56. Ka3 Qc5+ 57. Ka4 Qc4+ 58. Ka5 Qxa2+ 59. Kb6 Qxb2+ 60. Ka7 Qxc3 61. Qh8+ Kg5 62. Qd8+ Kh6 63. h4 Qd4+ 64. Ka8 1-0

[Event "*** Titled Tuesday Blitz"]
[Site "Chess.com"]
[Date "2018.01.02"]
[Round "5"]
[White "GM_Huschenbeth"]
[Black "Indianlad"]
[Result "0-1"]
[WhiteElo "2453"]
[BlackElo "2657"]
[TimeControl "180+2"]
[EndTime "14:09:18 PST"]
[Termination "Indianlad won on time"]

1. e4 Nf6 2. e5 Ng8 3. d4 d6 4.
exd6 exd6 5. Nf3 Nf6 6. Bd3 Be7 7. O-O O-O 8. c4 Bg4 9. h3 Bh5 10. Nc3 Nc6 11. Be3 Re8 12. Be2 d5 13. Ne5 Bxe2 14. Qxe2 Bd6 15. Nxc6 bxc6 16. Qf3 Qd7 17. cxd5 Nxd5 18.
Nxd5 cxd5 19. Rac1 Re4 20. Qd1 f5 21. Qb3 Qf7 22. f3 Ree8 23. Rfe1 Rab8 24. Qc2 Re6 25. Bf2 Rg6 26. b3 h6 27. Re2 Qf6 28. Qd2 Kh7 29.
h4 Qf7 30. Qd3 Rf6 31. Rce1 Bb4 32. Rc1 Bd6 33. Rce1 Qd7 34. Re3 Kg8 35. Qe2 Rff8 36. Re6 Bb4 37. Rc1 Rb6 38. Rxb6 axb6 39. Qe3 Re8 40. Qf4 Bd6 41. Qd2 Qb5 42. Re1 Ra8 43. Re2 Qa5 44. Qc2 Rf8 45. h5 Qb5 46. Re6 Qd7 47. Rg6 Re8 48. Qd3 Re7 49. Bh4 Re6 50. Kf2 Qf7 51. Rxe6 Qxe6 52. Bg3 Bb4 53. Kg1 Qf7 54.
Be5 c5 55. dxc5 bxc5 56. Kf2 d4 57. a4 Qxh5 58. Qc4+ Qf7 59. Qb5 Qxb3 60. a5 Be1+ 0-1

[Event "*** Titled Tuesday Blitz"]
[Site "Chess.com"]
[Date "2018.01.02"]
[Round "5"]
[White "asms9699"]
[Black "BillieKimbah"]
[Result "1/2-1/2"]
[WhiteElo "2491"]
[BlackElo "2725"]
[TimeControl "180+2"]
[EndTime "14:09:22 PST"]
[Termination "Game drawn by repetition"]

1. c4 Nf6 2. g3 c6 3. Bg2 d5 4.
Nf3 dxc4 5. O-O Nbd7 6. Qc2 Nb6 7. a4 a5 8. Na3 g6 9. Nxc4 Nxc4 10. Qxc4 Bg7 11. e4 O-O 12. d3 Be6 13. Qc2 Bg4 14. Ne5 Qd4 15. Nc4 Rfd8 16. Ra3 Ra6 17. Be3 Qd7 18. d4 Be6 19. Rd1 Ng4 20. d5 cxd5 21.
exd5 Bf5 22. Qe2 Nxe3 23. Rxe3 Bf6 24. Be4 Bh3 25. b3 Bg4 26. Bf3 Bh3 27. Bg2 Bxg2 28. Kxg2 Qc7 29. Red3 Qc5 30. h4 b5 31. axb5 Qxb5 32. h5 a4 33. Na3 Qc5 34. bxa4 Rxa4 35. Nb1 Bd4 36. hxg6 hxg6 37. Qf3 Rb4 38. Nc3 Bxc3 39.
Rxc3 Qd6 40. Rcd3 Rb5 41. Qe4 Rc5 42. Rd4 Qf6 43. Qe3 Qd6 44. Qh6 Qf6 45. Rf4 Qg7 46. Qg5 f6 47. Qg4 Qf7 48. Rfd4 Rcxd5 49. Rxd5 Rxd5 50.
Qc8+ Kg7 51. Rh1 Rh5 52. Rxh5 gxh5 53. Qc5 Kg6 54. Qc2+ f5 55. Qc5 Qe6 56. Kh2 Qd6 57. Qc4 Kg7 58. Qh4 Kg6 59. Qc4 e6 60. Qc8 Qe7 61.
Qg8+ Kh6 62. Qh8+ Kg6 63. Qg8+ Kf6 64. Qh8+ Kg6 65. Qg8+ 1/2-1/2

[Event "*** Titled Tuesday Blitz"]
[Site "Chess.com"]
[Date "2018.01.02"]
[Round "5"]
[White "Angry_Serb"]
[Black "TheBigBoss04"]
[Result "1-0"]
[WhiteElo "2432"]
[BlackElo "2478"]
[TimeControl "180+2"]
[EndTime "14:09:30 PST"]
[Termination "Angry_Serb won by resignation"]

1. e4 c6 2. Nc3 d5 3. Nf3 Bg4 4. h3 Bxf3 5. Qxf3 Nf6 6. d3 d4 7. Ne2 c5 8. g4 Nc6 9. g5 Nd7 10.
a3 e6 11. Qg3 Qa5+ 12. Bd2 Qb6 13. O-O-O c4 14. dxc4 Nc5 15. Bg2 Na4 16. Qb3 Qa6 17. Qb5 Nb6 18. Qxa6 bxa6 19. e5 Rc8 20. Bf4 Nxc4 21.
Bxc6+ Rxc6 22. Nxd4 Rc7 23. Nb3 Be7 24. Nd2 Nb6 25.
h4 O-O 26. Ne4 Nd5 27. Bd2 Rfc8 28. c3 Rb8 29. Kc2 a5 30. f4 a4 31. Bc1 Rcb7 32.
Rd4 Nb6 33. Rhd1 Rc7 34. Ng3 g6 35. h5 Kg7 36. h6+ Kf8 37. Ne4 Rbc8 38. Nd6 Rb8 39. R1d3 a6 40. Ne4 Rcb7 41. Nf6 Bxf6 42. exf6 Ke8 43. Rb4 Nd7 44. Rxb7 Rxb7 45. Rd6 Rb6 46. Rd4 Nc5 47. Rc4 Rb5 48. Be3 Nb3 49. Rxa4 Na1+ 50.
Kb1 a5 51. Kxa1 e5 52. fxe5 Rxe5 53. Bc1 Re1 54. Kb1 Re5 55. Kc2 Re2+ 56. Bd2 Re5 57. Kd3 Rd5+ 58. Rd4 Rf5 59. b4 a4 60. Be3 Rf1 61. b5 Rd1+ 62. Ke4 Rb1 63. Rb4 Rb3 64. Rxb3 axb3 1-0

[Event "*** Titled Tuesday Blitz"]
[Site "Chess.com"]
[Date "2018.01.02"]
[Round "5"]
[White "capatl"]
[Black "timator"]
[Result "1-0"]
[WhiteElo "2400"]
[BlackElo "2317"]
[TimeControl "180+2"]
[EndTime "14:09:36 PST"]
[Termination "capatl won by resignation"]

1. c4 e6 2. Nc3 d5 3. cxd5 exd5 4.
d4 Nf6 5. Bg5 c6 6. e3 Bf5 7.
Qb3 Qb6 8. Bxf6 Qxb3 9. axb3 gxf6 10. Kd2 Nd7 11. Bd3 Bg6 12. Nge2 Bb4 13. h4 a6 14. h5 Bxd3 15. Kxd3 Ke7 16. Nf4 Rhg8 17. Ncxd5+ cxd5 18. Nxd5+ Kd6 19. Nxb4 Rxg2 20. Ke2 Rag8 21. Nd3 R2g5 22. Rh4 Rb5 23. b4 Rgg5 24. Rah1 Rg8 25. Rf4 Rgg5 26. h6 Rg6 27. Rh3 a5 28. bxa5 Rxa5 29. Rfh4 Rb5 30. Rh5 Rbg5 31. b4 b6 32. Nb2 Nf8 33. b5 Ne6 34. Nc4+ Kc7 35. Kd3 Rg8 36.
Rxg5 Nxg5 37. Rh4 Ne6 38. d5 Nc5+ 39. Kd4 Rg5 40. f4 Rg1 41. d6+ Kb7 42. Rh2 Rd1+ 43.
Kc3 Ne4+ 44. Kc2 Rd5 45. Rh1 Nxd6 46. Nxd6+ Rxd6 47. Kc3 f5 48. Kc4 Kc7 49. Rh5 Rf6 50. Kd5 Kd7 51. Ke5 Ke7 52. Rxf5 Rxh6 53. e4 Rd6 54.
Rh5 Rd1 55. Rxh7 Rb1 56. f5 Rxb5+ 57. Kf4 Rb4 58. Rh8 Rb1 59. Rb8 b5 60. Ke5 b4 61.
Rb7+ Ke8 62. Kf6 b3 63. Rb8+ Kd7 64. Kxf7 Kc7 65. Rb4 Kd6 66. f6 Ke5 67. Ke7 b2 68.
f7 Ra1 69. Rxb2 Ra7+ 70. Kf8 Kxe4 71. Kg8 1-0

[Event "*** Titled Tuesday Blitz"]
[Site "Chess.com"]
[Date "2018.01.02"]
[Round "5"]
[White "MITerryble"]
[Black "gmjlh"]
[Result "1-0"]
[WhiteElo "2663"]
[BlackElo "2588"]
[TimeControl "180+2"]
[EndTime "14:09:39 PST"]
[Termination "MITerryble won by resignation"]

1. d4 d5 2. Nf3 Nf6 3. c4 e6 4. e3 b6 5. Bd3 Bb7 6. cxd5 exd5 7. O-O Bd6 8. Nc3 O-O 9. Ne5 Ne4 10. Nxe4 dxe4 11. Bc4 Qe7 12. Qh5 Bxe5 13. dxe5 Ba6 14.
Bxa6 Nxa6 15. b3 Qe6 16. Bb2 Nb4 17. Qh4 Qg6 18. Ba3 a5 19. Rad1 Rfe8 20. Bxb4 axb4 21.
Rd4 Rxe5 22. Rxb4 f6 23. a4 Rd8 24. Rc4 Qf7 25. h3 Qe7 26. Rfc1 c5 27. Qg4 Rd3 28.
Qc8+ Qd8 29. Qxd8+ Rxd8 30. b4 Ra8 31. bxc5 Rxc5 32.
Rxc5 bxc5 33. Rc4 Rb8 34. Rxc5 Rb1+ 35. Kh2 Ra1 36. a5 Kf7 37. g4 g5 38. Rc7+ Kg6 39. Ra7 h5 40. gxh5+ Kxh5 41. Kg3 Ra3 42. a6 Ra1 43. Ra8 Kg6 44. h4 gxh4+ 45. Kxh4 Kf5 46. Kg3 Rg1+ 47. Kh2 Ra1 48. Kg2 Ke5 49. Kg3 Kf5 50. Ra7 Ra3 51. Kg2 Ra1 52. Ra8 Ra2 53. a7 Ra1 54. f3 exf3+ 55. Kxf3 Ra3 56. Ke2 Ra2+ 57.
Kd3 Ra3+ 58. Kc4 Ra1 59. e4+ Kf4 60. e5 fxe5 61. Rf8+ Ke3 62. a8=Q Rxa8 63. Rxa8 e4 64. Re8 Kf3 65. Kd4 1-0

[Event "*** Titled Tuesday Blitz"]
[Site "Chess.com"]
[Date "2018.01.02"]
[Round "5"]
[White "ChessQueen"]
[Black "Konavets"]
[Result "1-0"]
[WhiteElo "2641"]
[BlackElo "2745"]
[TimeControl "180+2"]
[EndTime "14:09:42 PST"]
[Termination "ChessQueen won by resignation"]

1. e4 c5 2. c3 e6 3. d4 cxd4 4. Qxd4 Nc6 5. Qd1 Nf6 6. Bd3 d5 7. exd5 Qxd5 8. Nf3 Bc5 9. O-O O-O 10. Qe2 Qh5 11. Nbd2 e5 12. Ne4 Nxe4 13. Bxe4 Re8 14. Be3 Bf8 15. Rfe1 f6 16. Bd5+ Be6 17. Bxe6+ Rxe6 18.
Rad1 Qf7 19. Qb5 a6 20. Qb3 Na5 21. Qa4 Nc6 22. Rd5 e4 23. Nd4 Re5 24. Rxe5 Nxe5 25. Nf5 Nd3 26. Re2 Qd5 27. Qb3 Rd8 28. Ng3 Qxb3 29.
axb3 Re8 30. Rd2 Ne5 31. h3 Nc6 32. Rd7 b5 33. Rb7 Na5 34. Ra7 Re6 35. Ra8 Nxb3 36. Nf5 Kf7 37. g4 g6 38. Ra7+ Ke8 39. Nd4 Nxd4 40.
Bxd4 Be7 41. Kf1 Kf7 42. Ke2 f5 43. g5 Ke8 44. h4 b4 45. Ra8+ Kd7 46. Rh8 b3 47. Rxh7 a5 48. Rh8 Bd8 49. Rh7+ Be7 50. Rh8 Bd8 51. Rh7+ Re7 52. Rh6 Re6 53. h5 Bxg5 54.
Rxg6 Rxg6 55. hxg6 Ke6 56. g7 Kf7 57. c4 a4 58. c5 f4 59. c6 f3+ 60. Kd1 Bf4 61.
Ke1 Bc7 62. Kd2 Bf4+ 63. Kc3 Bd6 64. Kc4 Bf4 65. Kb4 e3 66. Bxe3 Bxe3 67. c7 Bxf2 68.
c8=Q Be1+ 69. Kxa4 Kxg7 70. Qg4+ 1-0

[Event "*** Titled Tuesday Blitz"]
[Site "Chess.com"]
[Date "2018.01.02"]
[Round "5"]
[White "evgenysharapov"]
[Black "Marcus_Harvey"]
[Result "1/2-1/2"]
[WhiteElo "2368"]
[BlackElo "2556"]
[TimeControl "180+2"]
[EndTime "14:09:46 PST"]
[Termination "Game drawn - insufficient material"]

1. e4 e6 2. d4 d5 3. Nc3 Nf6 4. e5 Nfd7 5. f4 c5 6. Nf3 Nc6 7. Be3 a6 8. Qd2 Qb6 9. Na4 Qb4 10. Qxb4 Nxb4 11. Kd2 b6 12. a3 Nc6 13. Nc3 Be7 14.
Bd3 Bb7 15. h4 h5 16. b3 g6 17. g3 Rc8 18. Rhb1 O-O 19. Ne2 c4 20. bxc4 dxc4 21.
Be4 b5 22. c3 Nb6 23. Rg1 Na5 24. Bxb7 Nxb7 25. g4 hxg4 26. Rxg4 Kg7 27. h5 Rh8 28. hxg6 fxg6 29. Rag1 Rcg8 30. Rxg6+ Kf7 31. Rxg8 Rxg8 32. Rxg8 Kxg8 33. Ng3 Nd5 34. Ne4 Bxa3 35. Ke2 a5 36.
Bd2 a4 37. Nfg5 Nd8 38. Kd1 Be7 39. Kc2 Kg7 40. Bc1 Kg6 41. Ng3 Bxg5 42. fxg5 Ne7 43. Ne4 Nf5 44. Kb2 Ne7 45. Nd6 Nd5 46. Nxb5 Nf7 47.
Ka3 Nxg5 48. Bxg5 Kxg5 49. Kxa4 Kf4 50. Nd6 Nxc3+ 51. Kb4 Ne2 52. Kxc4 Ke3 53. Nb5 Kf4 54. Kc5 Ke4 55. Kd6 Kf5 56. d5 exd5 57. e6 Ng3 58. e7 Ne4+ 59. Kd7 Nf6+ 60. Kd8 Ke5 61. e8=Q+ Nxe8 62. Kxe8 Ke6 63. Kd8 Ke5 64. Kd7 d4 65. Nxd4 1/2-1/2

[Event "*** Titled Tuesday Blitz"]
[Site "Chess.com"]
[Date "2018.01.02"]
[Round "5"]
[White "maciek_92"]
[Black "Aleksey_Sorokin"]
[Result "1-0"]
[WhiteElo "2558"]
[BlackElo "2755"]
[TimeControl "180+2"]
[EndTime "14:09:51 PST"]
[Termination "maciek_92 won by checkmate"]

1. e4 c6 2. d4 d5 3. Nc3 dxe4 4. Nxe4 Nd7 5. Nf3 Ngf6 6. Ng3 e6 7. Bd3 c5 8. O-O cxd4 9. Nxd4 Be7 10. Qe2 O-O 11.
Rd1 Nc5 12. Bc4 Qc7 13. Nb5 Qc6 14. Bg5 a6 15. Nd4 Qc7 16. a4 h6 17. Be3 b6 18. Nh5 Nxh5 19. Qxh5 Ne4 20. Bd3 Nf6 21. Qf3 Bb7 22. Qh3 Qe5 23. Re1 Qh5 24. Qxh5 Nxh5 25. Nb3 Bd8 26. a5 b5 27. c4 bxc4 28. Bxc4 Be7 29. Nc5 Bxc5 30. Bxc5 Rfc8 31. b4 Nf6 32. Rec1 Bd5 33. Be2 Ne4 34. Bd4 Rcb8 35. Rab1 Nd2 36. Rb2 Nb3 37. Rd1 Rxb4 38. Bb6 g5 39. f3 Kg7 40.
Rdb1 Nd4 41. Rxb4 Nxe2+ 42. Kf2 Nc3 43. Bd4+ Kg6 44. Bxc3 Rc8 45. Bd2 Rc2 46. Ke1 Ra2 47. Rb8 Bc4 48. Rc8 Bd3 49. Rbc1 Kf6 50. Rd8 Bb5 51. g4 Ke5 52. Rdc8 Kd4 53. R8c2 Ra3 54. Kf2 Rd3 55. Bc3+ Kc4 56. Bg7+ Kd5 57. Bxh6 f6 58. Bg7 f5 59. gxf5 exf5 60. Bc3 Kc4 61. Bd2+ Kd5 62. Bxg5 Ke6 63. Re1+ Kf7 64. h4 Ra3 65.
Re3 Rxa5 66. h5 f4 67. Rc7+ Kf8 68. Bxf4 Ra1 69. Kg3 Rg1+ 70. Kh2 Rg8 71. Bd6# 1-0

[Event "*** Titled Tuesday Blitz"]
[Site "Chess.com"]
[Date "2018.01.02"]
[Round "5"]
[White "pandamaster3000"]
[Black "DiogenesSinopeus"]
[Result "1-0"]
[WhiteElo "2274"]
[BlackElo "2388"]
[TimeControl "180+2"]
[EndTime "14:10:46 PST"]
[Termination "pandamaster3000 won by resignation"]

1. e4 e5 2. Nf3 Nc6 3. Bb5 a6 4.
Ba4 d6 5. O-O Bg4 6. c3 Qf6 7. d3 Ne7 8. Nbd2 g5 9. Re1 h5 10.
Nf1 Bxf3 11. Qxf3 Qxf3 12. gxf3 Bh6 13. Ne3 O-O-O 14. Bb3 Rdf8 15. Bd2 Kb8 16. Rad1 f5 17. Bc1 f4 18. Nd5 Ng6 19. d4 Nh4 20.
Rd3 g4 21. fxg4 hxg4 22. Kf1 Nf3 23. Red1 Nxh2+ 24. Kg2 Nf3 25. Ba4 Bg5 26. Rxf3 gxf3+ 27. Kxf3 Rh3+ 28. Kg4 Rh2 29. Kf3 Rg8 30. Rg1 Rhh8 31. Rd1 Bd8 32. Bxc6 bxc6 33. Nb4 Rh3+ 34. Ke2 Kb7 35.
dxe5 dxe5 36. Nd3 f3+ 37. Kd2 Bg5+ 38. Kc2 Bxc1 39. Kxc1 Rg2 40. Rd2 Rh1+ 41. Kc2 Rg5 42. Nc5+ Ka7 43. Nd3 Rh4 44. Nc5 Rh2 45. Kd3 Rh4 46. Ke3 Rgg4 47. Kxf3 Kb6 48. b4 Rf4+ 49. Ke3 Rh3+ 50. Ke2 Kb5 51. a4+ Kc4 52. Nxa6 Rh2 53. Ke3 Rh3+ 54. Ke2 Rxe4+ 55. Kf1 Kxc3 56. Ra2 Kb3 57.
Rd2 Kc3 58. Ra2 Rh1+ 59. Kg2 Rb1 60. Nxc7 Kb3 61. Rd2 Kxa4 62. Rd6 Rc1 63. Ne6 Kxb4 64. Rd7 Ree1 65. Rb7+ Kc4 66. Rc7 Kd5 67. Ng5 e4 68. Rd7+ Kc4 69. Kg3 c5 70. Rc7 Kd3 71. Rd7+ Kc3 72. Kf4 Rcd1 73. Nxe4+ Kb4 74. Rb7+ Kc4 75. Rc7 Rd4 76. Rxc5+ Kb4 77. Re5 Rh1 78. f3 Rh4+ 79.
Ke3 Rc4 80. Re8 Rh1 81. Rb8+ Ka3 82. Ra8+ Kb2 83. Rb8+ Kc2 84. Rd8 Rc7 85. Rd2+ Kb3 86. Rd3+ Kc4 87. Rc3+ Kd5 88. Rxc7 1-0

[Event "*** Titled Tuesday Blitz"]
[Site "Chess.com"]
[Date "2018.01.02"]
[Round "5"]
[White "VerdeNotte"]
[Black "danir29"]
[Result "1/2-1/2"]
[WhiteElo "2669"]
[BlackElo "2510"]
[TimeControl "180+2"]
[EndTime "14:11:20 PST"]
[Termination "Game drawn - insufficient material"]

1. e4 e5 2. Nf3 Nc6 3. d4 exd4 4.
Nxd4 Bc5 5. Nxc6 bxc6 6. Nc3 d6 7. Na4 Bb4+ 8. c3 Ba5 9. b4 Bb6 10. Bd3 Ne7 11. O-O O-O 12. Qh5 Qe8 13. e5 f5 14.
Qxe8 Rxe8 15. exd6 cxd6 16. Re1 Bc7 17. Bf4 Bd7 18.
Nc5 Nd5 19. Nxd7 Nxf4 20. Bxf5 Kf7 21. Be4 d5 22. Bf3 Rxe1+ 23. Rxe1 Nd3 24. Re3 Re8 25. b5 Rxe3 26. fxe3 cxb5 27. Bxd5+ Ke7 28. Bc6 a6 29. a4 bxa4 30. Bxa4 Nb2 31. Bc6 Kd6 32. Bb7 Kxd7 33.
Bxa6 Kd6 34. Kf2 Nd1+ 35. Kf3 Nxc3 36. Bd3 h6 37. h4 Kd5 38. h5 Be5 39. Bh7 Bf6 40.
Bg8+ Ke5 41. Bh7 Nd5 42. g3 Nc7 43. Bc2 Ne6 44. g4 Ng5+ 45. Ke2 Ne6 46. Kf3 Bg5 47. Ke2 Nc7 48. Kf3 Nd5 49. e4 Nf6 50. Bb1 Kd4 51.
Bc2 Nd7 52. Kg3 Ne5 53. Bb1 Ke3 54. Bc2 Bf4+ 55. Kh3 Nf3 56. Ba4 Kf2 57. g5 Nxg5+ 58.
Kg4 Nxe4 59. Kxf4 Nf6 60. Bd1 Ke1 61. Bf3 Kf2 62. Bd1 Nd5+ 63. Ke5 Ne3 64. Ba4 Kg3 65. Ke6 Kf4 66. Kf7 Nf5 67. Kg6 Ne7+ 68. Kxg7 Kg5 69.
Bd1 Nd5 70. Kf7 Ne3 71. Be2 Ng2 72. Bd1 Nf4 73. Ke7 Nxh5 74. Kd6 Nf6 75. Ke5 Ng4+ 76.
Kd4 Kf4 77. Ba4 h5 78. Kd3 Kg3 79. Ke2 h4 80. Kf1 Kh2 81. Bd7 Ne3+ 82. Kf2 Nd5 83. Kf3 Nf6 84. Bc8 Ne8 85. Kg4 h3 86. Kh4 Nd6 87.
Bxh3 Nf5+ 88. Bxf5 1/2-1/2

[Event "*** Titled Tuesday Blitz"]
[Site "Chess.com"]
[Date "2018.01.02"]
[Round "5"]
[White "Pirlo1"]
[Black "Mikhail_Golubev"]
[Result "1/2-1/2"]
[WhiteElo "2215"]
[BlackElo "2075"]
[TimeControl "180+2"]
[EndTime "14:11:24 PST"]
[Termination "Game drawn - insufficient material"]

1. d4 g6 2. Nc3 Bg7 3. e4 d6 4.
Nf3 c6 5. h3 b5 6. a4 b4 7. Nb1 Nd7 8. a5 Ngf6 9. Bd3 O-O 10. O-O Qc7 11. Qe1 c5 12. e5 Ne8 13. e6 fxe6 14.
Qxe6+ Kh8 15. Qxe7 c4 16. Be4 Bf6 17. Qxf8+ Nxf8 18.
Bxa8 Qf7 19. Be3 d5 20. Bc6 Nc7 21. Nbd2 Bf5 22. c3 b3 23. Rfe1 Nfe6 24. Ne5 Bxe5 25. dxe5 Nd8 26. Ba4 Nce6 27. Nf3 Be4 28. Ng5 Nxg5 29.
Bxg5 Ne6 30. Bf6+ Kg8 31. Rad1 Bd3 32. Bc6 Nc5 33. Re3 Qe6 34. Ba8 Be4 35. Rd4 Qf5 36. f3 Nd3 37. Bxd5+ Bxd5 38. Rxd5 Qf4 39. Re4 Qc1+ 40.
Kh2 Nf2 41. e6 Qh1+ 42. Kg3 Nxe4+ 43. fxe4 Qe1+ 44. Kf4 Qf2+ 45. Ke5 Qg3+ 46. Kd4 Qf2+ 47. Kxc4 Qxf6 48. Rd6 Qe5 49. Rd8+ Kg7 50. Rd7+ Kf6 51.
Rxh7 Qxe6+ 52. Kb4 a6 53. c4 Qd6+ 54. Kxb3 Qd3+ 55.
Kb4 Qd2+ 56. Kb3 Qxg2 57. Rb7 Qf3+ 58. Kb4 Qxe4 59. Rb6+ Ke5 60. Rxa6 Qe1+ 61. Kb5 Qe2 62. b4 Kd4 63. Rd6+ Kc3 64. Rc6 Qe5+ 65. Rc5 Qe8+ 66. Rc6 Qe5+ 67. Rc5 Qb8+ 68. Kc6 Qxb4 69. a6 Qa4+ 70.
Kb6 Qb4+ 71. Rb5 Qd6+ 72. Kb7 Qd7+ 73. Kb6 Qd8+ 74. Kb7 Qd7+ 75. Kb6 Qd8+ 76. Kb7 Qd7+ 77. Kb6 Kxc4 78. Rc5+ Kb4 79. a7 Qd4 80. a8=Q Qxc5+ 81. Kb7 Qd5+ 82. Kb8 Qxa8+ 83. Kxa8 Kc4 84. Kb7 Kd5 85.
Kc7 Ke5 86. Kd7 Kf4 87. Ke6 Kg5 88. Kf7 Kh4 89. Kxg6 Kxh3 1/2-1/2

[Event "*** Titled Tuesday Blitz"]
[Site "Chess.com"]
[Date "2018.01.02"]
[Round "5"]
[White "dawtonlms"]
[Black "ViktorMatviishen"]
[Result "1/2-1/2"]
[WhiteElo "2413"]
[BlackElo "2259"]
[TimeControl "180+2"]
[EndTime "14:11:27 PST"]
[Termination "Game drawn by stalemate"]

1. e4 e5 2. Nf3 Nc6 3. Bb5 Nf6 4. d3 Bc5 5. Bxc6 dxc6 6. Nbd2 Nd7 7. Qe2 O-O 8. Nc4 Re8 9. Bd2 f6 10. h3 Nf8 11. g4 Ne6 12. O-O-O b5 13. Ne3 Nf4 14.
Qf1 Be6 15. Kb1 Qd7 16. Ng2 Nxg2 17. Qxg2 a5 18. g5 Kh8 19. gxf6 gxf6 20. Nh4 Rg8 21. Qf3 Be7 22. Nf5 a4 23. Rhg1 Bxf5 24. exf5 a3 25. b3 Qd4 26. Bc1 Qd5 27. Qh5 c5 28. Rg4 Raf8 29. Rdg1 Rxg4 30. hxg4 c4 31. Rh1 Qf7 32.
Qxf7 Rxf7 33. dxc4 bxc4 34. bxc4 Bc5 35. f3 c6 36. c3 Re7 37. Re1 h5 38. Rh1 e4 39.
Rxh5+ Kg7 40. fxe4 Rxe4 41. g5 fxg5 42. Rxg5+ Kf7 43.
Kc2 Rxc4 44. Kb3 Re4 45. Bxa3 Bxa3 46. Kxa3 c5 47. Kb3 Kf6 48. Rh5 Ke5 49. f6+ Kd6 50.
f7 Rf4 51. Rh6+ Kd5 52. Rh5+ Kc6 53. Rh7 Kb5 54. a4+ Ka5 55. Rh5 Kb6 56. Rh6+ Ka5 57.
Rc6 Rxf7 58. Rxc5+ Kb6 59. Rb5+ Ka6 60. Kb4 Rf4+ 61. c4 Rf1 62. Re5 Ra1 63. Re6+ Kb7 64. Kb5 Rb1+ 65. Kc5 Ra1 66. Kb4 Rb1+ 67. Ka5 Rc1 68.
Re4 Kc6 69. Rh4 Kc5 70. Rh8 Kc6 71. Rc8+ Kb7 72. Rc5 Rc2 73. Rb5+ Kc6 74. Rb8 Kc7 75. Rb4 Kc6 76. Rb6+ Kc7 77. Rb4 Rh2 78. Kb5 Ra2 79.
c5 Rg2 80. a5 Ra2 81. Rb1 Ra3 82. Rh1 Rb3+ 83. Kc4 Ra3 84. Rh7+ Kc6 85. Rh6+ Kc7 86. Kb4 Ra1 87. a6 Rb1+ 88. Kc4 Rc1+ 89. Kd4 Rd1+ 90. Ke5 Re1+ 91. Kd5 Rd1+ 92. Kc4 Rc1+ 93. Kd4 Rd1+ 94. Kc3 Rc1+ 95. Kb4 Rb1+ 96. Ka3 Ra1+ 97. Kb2 Ra5 98.
Rh7+ Kb8 99. a7+ Ka8 100. c6 Rb5+ 101. Ka3 Rc5 102. Rc7 Rc1 103. Kb4 Rb1+ 104. Kc5 Rc1+ 105. Kd6 Rd1+ 106. Ke6 Re1+ 107. Kd7 Re7+ 108. Kd6 Re6+ 109. Kc5 Re5+ 110. Kb6 Rb5+ 111. Ka6 Rb6+ 112. Ka5 Rb5+ 113. Ka4 Rb4+ 114. Ka3 Rb3+ 115. Ka2 Rb2+ 116. Ka1 Rb1+ 117. Ka2 Rb2+ 118. Ka3 Rb3+ 119. Ka4 Rb4+ 120. Ka3 Rb3+ 121. Kxb3 1/2-1/2

[Event "*** Titled Tuesday Blitz"]
[Site "Chess.com"]
[Date "2018.01.02"]
[Round "5"]
[White "Maili15"]
[Black "milovanratkovic"]
[Result "0-1"]
[WhiteElo "2295"]
[BlackElo "2447"]
[TimeControl "180+2"]
[EndTime "14:11:35 PST"]
[Termination "milovanratkovic won by resignation"]

1. d4 d5 2. c4 dxc4 3. e4 Nc6 4. Nf3 Bg4 5. d5 Ne5 6. Bf4 Ng6 7. Be3 e5 8. Bxc4 a6 9. a3 Bd6 10. Nc3 Nf6 11. h3 Bd7 12. b4 O-O 13. g4 b5 14.
Bb3 a5 15. bxa5 Rxa5 16. Qc1 b4 17. axb4 Rxa1 18. Qxa1 Bxb4 19. Nd2 Qa8 20. Qc1 Qa5 21. Na2 Nxe4 22. Nxb4 Qxb4 23. Qc4 Qxc4 24. Bxc4 Nd6 25. Bb3 Bb5 26. Kd1 Ra8 27. Kc2 e4 28. Rc1 Ne5 29. Kd1 Nd3 30. Rb1 h6 31. Bc2 Ba4 32. Nb3 Nc4 33. Ra1 Rd8 34. Nc5 Bxc2+ 35. Kxc2 Rxd5 36.
Nxe4 Nxe3+ 37. fxe3 Nc5 38. Nxc5 Rxc5+ 39. Kd3 Kh7 40.
Ra8 h5 41. Rc8 hxg4 42. hxg4 Kg6 43. Rg8 Kf6 44. Ke4 g6 45. Kf4 Rc4+ 46. Kf3 Kg5 47. Rf8 f6 48. Rf7 c5 49. Rc7 Rc1 50.
Rc6 Rf1+ 51. Ke2 Rc1 52. Kd2 Rc4 53. Kd3 Rxg4 54. Rxc5+ Kh4 55. Ke2 Kg3 56. Rc6 f5 57.
Rf6 Kh4 58. Kf3 Kg5 59. Rf7 Ra4 60. Re7 Ra3 61. Rf7 Rb3 62. Rf8 Kh6 63. Rf7 Ra3 64. Kf4 Ra4+ 65. Kf3 Kg5 66. Rf8 Rh4 67. Kg3 Rh7 68.
Kf2 Re7 69. Kf3 Re6 70. Rf7 Kh6 71. Rf8 Kg7 72. Rd8 Kf6 73. Rf8+ Kg7 74. Rd8 g5 75. Rd7+ Kf6 76. Rd8 g4+ 77. Kf2 Ke5 78. Rd7 Ra6 79.
Re7+ Kf6 80. Rd7 Ra2+ 81. Kg3 Re2 82. Rd3 Ke5 83. Rc3 Kf6 84. Kf4 Rf2+ 85. Kg3 Rf3+ 86. Kg2 Kg5 87. Rd3 Kh4 88. Ra3 f4 89. Ra1 Rxe3 90.
Rh1+ Kg5 91. Rf1 Re2+ 92. Kg1 f3 93. Rd1 Kf4 94. Rd4+ Kg3 95. Rd1 Re1+ 96. Rxe1 f2+ 97. Kf1 fxe1=Q+ 98. Kxe1 Kh2 0-1

[Event "*** Titled Tuesday Blitz"]
[Site "Chess.com"]
[Date "2018.01.02"]
[Round "6"]
[White "Mikhail_Golubev"]
[Black "julinha97"]
[Result "1-0"]
[WhiteElo "2186"]
[BlackElo "2202"]
[TimeControl "180+2"]
[EndTime "14:14:48 PST"]
[Termination "Mikhail_Golubev won by resignation"]

1. e4 c5 2. Nf3 d6 3. d4 cxd4 4. Nxd4 Nf6 5. Nc3 g6 6. Be3 Bg7 7. f3 O-O 8. Qd2 Nc6 9. Bc4 Bd7 10. O-O-O Rc8 11. Nxc6 bxc6 12. h4 Qa5 13. h5 d5 14.
exd5 cxd5 15. Nxd5 Qxd2+ 16. Rxd2 Rxc4 17. Nxe7+ Kh8 18. h6 Ba4 19. hxg7+ Kxg7 20. Bh6+ 1-0

[Event "*** Titled Tuesday Blitz"]
[Site "Chess.com"]
[Date "2018.01.02"]
[Round "6"]
[White "BillForster"]
[Black "sandager"]
[Result "0-1"]
[WhiteElo "1513"]
[BlackElo "1965"]
[TimeControl "180+2"]
[EndTime "14:14:57 PST"]
[Termination "sandager won by resignation"]

1. d4 Nf6 2. c4 g6 3. Nc3 d5 4.
Bg5 Bg7 5. Bxf6 Bxf6 6. cxd5 c6 7.
dxc6 Bxd4 8. cxb7 Bxb7 9. e3 Bxc3+ 10. bxc3 Qa5 11. Qd4 O-O 12. Nf3 Nc6 13. Be2 Nxd4 0-1

[Event "*** Titled Tuesday Blitz"]
[Site "Chess.com"]
[Date "2018.01.02"]
[Round "6"]
[White "GMAkobianSTL"]
[Black "colemman"]
[Result "1-0"]
[WhiteElo "2653"]
[BlackElo "2428"]
[TimeControl "180+2"]
[EndTime "14:15:26 PST"]
[Termination "GMAkobianSTL won by resignation"]

1. d4 d5 2. c4 e6 3. Nc3 Nf6 4. cxd5 exd5 5. Bg5 Be7 6. e3 O-O 7. Bd3 Re8 8. Qc2 h6 9. Bh4 c6 10. Nge2 Nbd7 11. O-O Nf8 12. f3 Ne6 13. Rad1 Nd7 14.
Bxe7 Qxe7 15. e4 Nb6 16. e5 c5 17. f4 cxd4 18. Nb5 Bd7 19. Nd6 Rf8 20. Nxd4 Nxf4 21. Rxf4 Qxe5 22. Bh7+ Kh8 23. Nxf7+ Rxf7 24. Rxf7 Bg4 25.
Nf3 Qe3+ 26. Kh1 Rc8 27. Qg6 1-0